AoeStats
← youreyesdontglowlikeminedo

Four Lakes

508756907Analyzed
1v1 RM · 10d ago on Sep 23, 2026· 34m 4s· 2 players
Game mode
Random Map
Map size
Tiny (2 player)
Population
200
Speed
Normal
Resources
Standard
Victory
Conquest
Starting age
Dark Age
Ending age
Imperial Age
RankedLock teamsTeams togetherTeam positionsShared explorationLock speedFull tech treeHidden civsTurbo modeCheats
Victory
Defeat
🇨🇱 Bohemians · Chile
970
+17
1000
-51
3TK-WilsonER
4:34 Loom
8:03 Feudal Age
8:28 Horse Collar
18:23 Castle Age
16:38 Double-Bit Axe
19:20 Bow Saw
19:11 Heavy Plow
29:12 Imperial Age
28:20 Chemistry
28:04 Wagenburg Tactics
29:01 Wheelbarrow
29:04 Town Watch
30:43 Ballistics
31:13 Fletching
31:24 Padded Archer Armor
31:24 Scale Mail Armor
31:34 Forging
31:34 Pikeman
32:14 Squires
32:46 Elite Hussite Wagon
youreyesdontglowlikeminedo
10:22 Feudal Age
12:36 Double-Bit Axe
20:17 Fishing Lines
23:37 Castle Age
23:48 Bow Saw
23:23 Horse Collar
23:26 Man-at-Arms
24:07 Squires
24:14 Gillnets
25:01 Stone Mining
25:24 Long Swordsman
26:42 Heavy Plow
28:35 Stone Shaft Mining
31:43 Crossbowman
32:29 Thumb Ring
Connection lost

Rejoining the realm…

Still unreachable

The connection could not be restored.

Session expired

The server has moved on; the page needs a fresh start.